 Dungeon Crawl Stone Soup version 0.29-a0-648-g6b26cc9f40 (webtiles) character file.

Game seed: 2857432438092506691

561 fernweh the Basher (level 7, -1/56 HPs)
             Began as a Gnoll Wanderer on June 20, 2022.
             Slain by an ogre
             ... wielding a +0 giant club
              (33 damage)
             ... on level 5 of the Dungeon.
             The game lasted 00:09:28 (3605 turns).

fernweh the Basher (Gnoll Wanderer)                 Turns: 3605, Time: 00:09:28

Health: -1/56      AC:  3    Str: 12    XL:     7   Next: 31%
Magic:  11/12      EV: 12    Int:  9    God:
Gold:   226        SH:  5    Dex: 15    Spells: 11/13 levels left

rFire   . . .      SeeInvis .   a - +2 mace (vamp)
rCold   . . .      Faith    .   (no shield)
rNeg    . . .      Spirit   .   d - +0 leather armour
rPois   +          Reflect  +   (no helmet)
rElec   .          Harm     .   (no cloak)
rCorr   +          Rampage  .   (no gloves)
Will    .....                   (no boots)
Stlth   ++........              m - amulet of reflection
HPRegen 0.18/turn               k - ring of resist corrosion
MPRegen 0.13/turn               t - ring of poison resistance

@: studying Ice Magic
A: fangs 1, strong nose, distributed training
a: no special abilities


You were on level 5 of the Dungeon.
You visited 1 branch of the dungeon, and saw 5 of its levels.

You collected 226 gold pieces.

Inventory:

Hand Weapons
 a - a +2 vampiric mace (weapon)
 q - a +2 dagger of venom
Missiles
 v - 3 boomerangs
Armour
 d - a +0 leather armour (worn)
Jewellery
 k - a ring of resist corrosion (left hand)
 m - an amulet of reflection (around neck)
 t - a ring of poison resistance (right hand)
 y - an amulet of magic regeneration
Wands
 b - a wand of polymorph (5)
 r - a wand of mindburst (8)
 x - a wand of flame (18)
Scrolls
 e - 2 scrolls of identify
 f - 2 scrolls of brand weapon
 g - 3 scrolls of fear {unknown}
 h - 3 scrolls of teleportation {unknown}
 i - a scroll of immolation {unknown}
 j - a scroll of torment {unknown}
 l - a scroll of magic mapping {unknown}
 n - 2 scrolls of enchant armour {unknown}
 s - a scroll of vulnerability {unknown}
 z - a scroll of summoning {unknown}
Potions
 c - a potion of attraction
 o - 7 potions of curing
 p - 2 potions of heal wounds
 u - 2 potions of flight
 w - a potion of magic {unknown}


   Skills:
 + Level 5.2 Fighting
 + Level 2.4 Short Blades
 + Level 2.4 Long Blades
 + Level 2.4 Axes
 + Level 10.7 Maces & Flails
 + Level 2.4 Polearms
 + Level 2.4 Staves
 + Level 2.4 Slings
 + Level 2.4 Bows
 + Level 2.4 Crossbows
 + Level 2.4 Throwing
 + Level 2.4 Armour
 + Level 2.4 Dodging
 + Level 2.4 Stealth
 + Level 2.4 Shields
 + Level 2.4 Unarmed Combat
 + Level 3.7 Spellcasting
 + Level 2.0 Conjurations
 + Level 2.0 Hexes
 + Level 2.0 Summonings
 + Level 2.0 Necromancy
 + Level 2.0 Translocations
 + Level 2.0 Transmutations
 + Level 2.0 Fire Magic
 + Level 2.8 Ice Magic
 + Level 2.9 Air Magic
 + Level 2.0 Earth Magic
 + Level 2.0 Poison Magic
 + Level 2.6 Invocations
 + Level 3.5 Evocations


You had 11 spell levels left.
You knew the following spells:

 Your Spells              Type           Power      Damage    Failure   Level
a - Shock                 Conj/Air       24%        1d4       13%         1
b - Apportation           Tloc           10%        N/A       16%         1

Your spell library contained the following spells:

 Spells                   Type           Power      Damage    Failure   Level
 Necrotize                Necr           20%        1d5       16%         1
 Summon Small Mammal      Summ           20%        N/A       16%         1
 Swiftness                Air            7%         N/A       32%         3
 Dazzling Flash           Conj/Hex       10%        N/A       43%         3
 Portal Projectile        Hex/Tloc       10%        N/A       43%         3
 Tukima's Dance           Hex            5%         N/A       43%         3
 Silence                  Hex/Air        3%         N/A       98%         5
 Agony                    Necr           5%         N/A       99%         5
 Blade Hands              Tmut           2%         N/A       99%         5


Dungeon Overview and Level Annotations

Branches:
Dungeon (5/15)
 Temple: D:4-7

Altars:
Wu Jian

Shops:
D:3 ((*

Annotations:
D:3 2 transporters, dolemite99's ghost, amateur GnCK


Innate Abilities, Weirdness & Mutations

You have very sharp teeth.
Your uncanny sense of smell can sniff out nearby items.
Your experience applies equally to all skills.


Message History

Found a scroll labelled SIKKUY ASISICI.
Found a stone staircase leading up.
There is a stone staircase leading up here.
g - 3 scrolls labelled SIKKUY ASISICI (gained 1)
z - a scroll labelled HILINI GIROMEH You now have 226 gold pieces (gained 4).
Found a stone staircase leading down.
o - 7 potions of curing (gained 1)
An ogre comes into view. It is wielding a +0 giant club.
The ogre shouts!
An ogre is nearby!
An ogre is nearby!
Cast which spell? (? or * to list)
You don't know that spell.
Aiming: Shock (safe; 13% risk of failure)
Press: ? - help, Q - select action, (/) - cycle Shift-Dir - straight line, f - ogre
Aim: an ogre, wielding a +0 giant club (83% to hit)
Okay, then.
Aiming: Shock (safe; 13% risk of failure)
Press: ? - help, Q - select action, (/) - cycle Shift-Dir - straight line, f - ogre
Aim: an ogre, wielding a +0 giant club (83% to hit)
The zap hits the ogre.
The ogre is lightly wounded.
Aiming: Throw Flame
Press: ? - help, Shift-Dir - straight line, f/p - ogre
Aim: an ogre, wielding a +0 giant club (lightly wounded, 86% to hit)
The puff of flame misses the ogre.
Aiming: Mindburst
Press: ? - help, Shift-Dir - straight line, f/p - ogre
Aim: an ogre, wielding a +0 giant club (lightly wounded, chance to affect: 78%)
The ogre barely resists.
You hit the ogre. You bite the ogre, but do no damage.
The ogre is moderately wounded.
You barely miss the ogre.
The ogre is moderately wounded.
The ogre hits you with a +0 giant club!!
You completely miss the ogre.
The ogre is moderately wounded.
The ogre hits you with a +0 giant club!!
Ouch! That really hurt!
You die...

##### ## ###
###...#####
#..####.###.......#.#
..#..>....#...#......##
...:..O@....###.......#
....####....# ##....###
. #....# #....#
#....####...##
...#####.....##...##
.............##...#
#................##
#.....<.........#
#.............##


You could see an ogre.

Vanquished Creatures
  Eustachio (D:4)
  Menkaure (D:4)
  A phantom (D:3)
  Blork the orc (D:4)
  A jelly (D:4)
  An iguana (D:4)
  An orc wizard (D:4)
  A shadow imp (D:3)
  5 orcs
  2 bats
  6 endoplasms
  6 giant cockroaches
  7 goblins
  10 hobgoblins
  4 quokkas
  3 ball pythons
  3 frilled lizards
  4 kobolds
  9 rats
67 creatures vanquished.

Notes
Turn   | Place    | Note
-------+----------+-------------------------------------------
     0 | D:1      | Reached skill level 10 in Maces & Flails
     0 | D:1      | fernweh the Gnoll Wanderer began the quest for the Orb.
     0 | D:1      | fernweh set off with the following items: a +2 mace, a wand
                  | of polymorph (5), a potion of attraction, a +0 leather
                  | armour; and the following spell memorised: Shock; and the
                  | following spells available to memorise: Swiftness.
     0 | D:1      | Reached XP level 1. HP: 20/20 MP: 4/4
   449 | D:1      | Reached XP level 2. HP: 23/26 MP: 5/5
  1111 | D:2      | Reached XP level 3. HP: 31/31 MP: 7/7
  1204 | D:2      | Found a faded altar of an unknown god.
  1293 | D:2      | You fall into a shaft and drop 1 floor!
  1677 | D:3      | Found Deryh's General Store.
  1683 | D:3      | Reached skill level 1 in Invocations
  1770 | D:3      | Noticed a phantom
  1807 | D:3      | Killed a phantom
  1808 | D:3      | Reached skill level 1 in Short Blades
  1808 | D:3      | Reached skill level 1 in Long Blades
  1808 | D:3      | Reached skill level 1 in Axes
  1808 | D:3      | Reached skill level 1 in Polearms
  1808 | D:3      | Reached skill level 1 in Staves
  1808 | D:3      | Reached skill level 1 in Slings
  1808 | D:3      | Reached skill level 1 in Bows
  1808 | D:3      | Reached skill level 1 in Crossbows
  1808 | D:3      | Reached skill level 1 in Throwing
  1808 | D:3      | Reached skill level 1 in Armour
  1808 | D:3      | Reached skill level 1 in Dodging
  1808 | D:3      | Reached skill level 1 in Stealth
  1808 | D:3      | Reached skill level 1 in Shields
  1808 | D:3      | Reached skill level 1 in Unarmed Combat
  1808 | D:3      | Reached skill level 1 in Conjurations
  1808 | D:3      | Reached skill level 1 in Hexes
  1808 | D:3      | Reached skill level 1 in Summonings
  1808 | D:3      | Reached skill level 1 in Necromancy
  1808 | D:3      | Reached skill level 1 in Translocations
  1808 | D:3      | Reached skill level 1 in Transmutations
  1808 | D:3      | Reached skill level 1 in Fire Magic
  1808 | D:3      | Reached skill level 1 in Ice Magic
  1808 | D:3      | Reached skill level 1 in Earth Magic
  1808 | D:3      | Reached skill level 1 in Poison Magic
  1808 | D:3      | Reached XP level 4. HP: 8/38 MP: 8/8
  1808 | D:3      | Reached XP level 5. HP: 9/43 MP: 9/9
  2088 | D:3      | Found Qymocuid's Weapon Shoppe.
  2112 | D:3      | Noticed dolemite99's ghost (amateur GnCK)
  2113 | D:3      | Found a transporter.
  2128 | D:3      | Found a transporter.
  2326 | D:3      | Found Qegivilo's Antique Weapon Boutique.
  2575 | D:4      | Noticed Menkaure
  2581 | D:4      | Killed Menkaure
  2582 | D:4      | Reached XP level 6. HP: 42/50 MP: 9/11
  2754 | D:4      | Reached skill level 5 in Fighting
  3241 | D:4      | Noticed Blork the orc
  3244 | D:4      | Learned a level 1 spell: Apportation
  3255 | D:4      | Killed Blork the orc
  3303 | D:4      | Noticed Eustachio
  3344 | D:4      | Killed Eustachio
  3345 | D:4      | Reached XP level 7. HP: 52/56 MP: 12/12
  3462 | D:4      | Found an ornate altar of the Wu Jian Council.
  3563 | D:5      | Entered Level 5 of the Dungeon
  3605 | D:5      | Slain by an ogre

Illustrated notes

Levels and vault maps discovered:
D:1:      dpeg_arrival_ternary, layout_loops_corners, nrook_mini_backslash
D:2:      minmay_chambers_of_ones, layout_basic,
          shapermc_ecumenical_altar_flowoftime, uniq_sigmund
D:3:      layout_loops_ring, serial_shops, nicolae_shop_bloodbath_and_beyond,
          shop, shop, gammafunk_ghost_arena
D:4:      layout_basic, nzn_wu_jian_contemplation, corexii_leaking_fountain,
          st_stairs_4, uniq_blork_the_orc, uniq_eustachio, uniq_menkaure
D:5:      layout_layer_cave, minmay_temple_entry_junction,
          hangedman_decor_lopped, uniq_edmund

Skill      XL: |  1  2  3  4  5  6 |
---------------+-------------------+-----
Maces & Flails | | 10.7
Air Magic      | 2 |  2.9
Invocations    | 1 2 |  2.6
Short Blades   | 1 2 |  2.4
Long Blades    | 1 2 |  2.4
Axes           | 1 2 |  2.4
Polearms       | 1 2 |  2.4
Staves         | 1 2 |  2.4
Slings         | 1 2 |  2.4
Bows           | 1 2 |  2.4
Crossbows      | 1 2 |  2.4
Throwing       | 1 2 |  2.4
Armour         | 1 2 |  2.4
Dodging        | 1 2 |  2.4
Stealth        | 1 2 |  2.4
Shields        | 1 2 |  2.4
Unarmed Combat | 1 2 |  2.4
Spellcasting   | 3 |  3.7
Conjurations   | 1 2 |  2.0
Hexes          | 1 2 |  2.0
Summonings     | 1 2 |  2.0
Necromancy     | 1 2 |  2.0
Translocations | 1 2 |  2.0
Transmutations | 1 2 |  2.0
Fire Magic     | 1 2 |  2.0
Ice Magic      | 1 2 |  2.8
Earth Magic    | 1 2 |  2.0
Poison Magic   | 1 2 |  2.0
Evocations     | 3 |  3.5
Fighting       | 5 |  5.2

Action                   |  1- 3 |  4- 6 |  7- 9 || total
-------------------------+-------+-------+-------++-------
Melee: Mace              |    82 |    95 |     5 ||   182
       Bite              |     8 |     3 |     1 ||    12
       Punch             |     3 |     1 |       ||     4
       Dagger            |    10 |       |       ||    10
 Cast: Shock             |       |       |     1 ||     1
Evoke: Wand              |       |     4 |     2 ||     6
  Use: Scroll            |     2 |     1 |     1 ||     4
 Stab: Sleeping          |     2 |     2 |       ||     4
Armor: Leather armour    |    15 |    15 |       ||    30
Dodge: Dodged            |    35 |    56 |       ||    91
Block: Other             |       |     5 |       ||     5

Table legend: (Time is in decaauts)
 A = Elapsed time spent in this place.
 B = Non-inter-level travel time spent in this place.
 C = Inter-level travel time spent in this place.
 D = Time resting spent in this place.
 E = Time spent auto-exploring this place.
 F = Levels seen in this place.
 G = Mean time per level.
                   A        B        C        D        E       F      G
               +--------+--------+--------+--------+--------+-----+--------+
         Total |   3578 |   3534 |     44 |    245 |   2744 |   5 |  715.6 |
       Dungeon |   3578 |   3534 |     44 |    245 |   2744 |   5 |  715.6 |
               +--------+--------+--------+--------+--------+-----+--------+

Top non-repeatable levels by time:
     D:3: 1266 daAuts
     D:1: 988 daAuts
     D:4: 984 daAuts
     D:2: 298 daAuts
     D:5: 41 daAuts
